[Event "Catalan Youth-ch 2020"]
[Site "Salou"]
[Date "2020.09.09"]
[Round "7.6"]
[White "Iborra Polo, Eric"]
[Black "Muntal Corrales, Arnau"]
[Result "1-0"]
[ECO "B40"]
[WhiteElo "1640"]
[BlackElo "1812"]
[Annotator "NA RC"]
[PlyCount "77"]
[EventDate "2020.09.07"]
[EventType "swiss"]
[EventCountry "ESP"]
[SourceTitle "playchess.com"]
[Source "ChessBase"]
[SourceQuality "1"]
[TimeControl "5400+30"]

1. e4 c5 2. Nf3 e6 3. g3 a6 4. Bg2 b5 5. O-O Bb7 6. Qe2 {[%emt 0:01:03] B40: Sicilian: 2...e6, Unusual lines.} d5 {[%emt 0:03:46] Recently 6...Nf6 got a lot of attention.} 7. exd5 Bxd5 8. Nc3 Bb7 {[%emt 0:03:22] [#]} 9. d4 $146 ({Predecessor:} 9. a4 bxa4 10. Ne4 Nd7 11. d3 Ngf6 12. Bg5 Be7 13. Bxf6 gxf6 14. Nfd2 O-O 15. Rxa4 {1-0 (50) Finkel,A (2476)-Kantsler,B (2433) Israel 2011}) 9... Be7 (9... cxd4 $16 10. Rd1 Nd7) 10. Ne5 (10. dxc5 $18 Bxc5 11. Ne4) 10... Bxg2 11. Kxg2 Nf6 12. Qf3 Ra7 13. dxc5 O-O 14. Be3 Rc7 (14... Qc7 $16) 15. Rfd1 Qc8 (15... Nfd7 $16) 16. b4 Nc6 (16... Nfd7 $142) 17. Nxc6 Rxc6 18. a3 h6 (18... Nd7 {keeps fighting.} 19. Bd4 Rd8) 19. Bf4 Re8 20. Rd3 $2 (20. Re1 $18) 20... Qa8 $2 (20... e5 $11 {and Black is okay.}) 21. Rad1 Rec8 (21... g5 {keeps fighting.}) 22. Bd6 Bxd6 23. Rxd6 Kf8 24. Rxc6 Qxc6 25. Rd6 Qa8 26. Qxa8 Rxa8 27. Rb6 Ke8 28. Rb7 Rc8 29. Ra7 Rc6 30. Kf3 g5 31. Ne4 g4+ 32. Ke3 Nd5+ 33. Kd4 f5 34. Nd6+ Kf8 35. Ke5 Nc7 36. Kf6 h5 37. c3 Nd5+ $18 38. Kxe6 Rc7 39. Ra8+ 1-0

[Event "Catalan Youth-ch 2020"]
[Site "Salou"]
[Date "2020.09.09"]
[Round "7.7"]
[White "Sanchez Vacova, Alejandro"]
[Black "Mompel Ferruz, Xavier"]
[Result "1-0"]
[ECO "B50"]
[WhiteElo "1149"]
[BlackElo "1505"]
[Annotator "NA RC"]
[PlyCount "133"]
[EventDate "2020.09.07"]
[EventType "swiss"]
[EventCountry "ESP"]
[SourceTitle "playchess.com"]
[Source "ChessBase"]
[SourceQuality "1"]
[TimeControl "5400+30"]

1. e4 c5 2. Nf3 d6 3. c4 Nf6 4. Nc3 Bg4 5. Be2 Bxf3 6. Bxf3 Nc6 7. d3 h6 8. Be3 e5 9. a3 Be7 10. Nd5 O-O 11. Nxf6+ Bxf6 12. O-O Nd4 13. Bxd4 cxd4 14. b4 Bg5 15. g3 f5 16. exf5 Rxf5 17. Bd5+ Kh8 18. Qg4 g6 19. Be4 h5 20. Qe2 Rf6 21. Bxb7 Rb8 22. Be4 Qe7 23. Bg2 Qf8 24. b5 h4 25. a4 hxg3 26. fxg3 Be3+ 27. Kh1 Kg7 28. Rxf6 Qxf6 29. Rf1 Qe7 30. Bd5 Rf8 31. Rxf8 Qxf8 32. Qf3 Qxf3+ 33. Bxf3 Bd2 34. Kg2 g5 35. g4 Kf6 36. Bd5 Ke7 37. Kf3 Kf6 38. Ke4 Bb4 39. Bg8 Kg7 40. Be6 Kf6 41. Bf5 Bc5 42. Kd5 Ke7 43. Kc6 Kd8 44. a5 e4 45. Bxe4 Kc8 46. b6 axb6 47. axb6 Ba3 48. h4 Bc1 49. h5 Bf4 50. h6 Be5 51. h7 Kb8 52. h8=Q+ Bxh8 53. Kxd6 Bg7 54. b7 Bf6 55. c5 Bd8 56. Ke5 Be7 57. Kxd4 Kc7 58. Kc4 Bf8 59. d4 Bg7 60. c6 Bf6 61. d5 Bg7 62. b8=Q+ Kxb8 63. d6 Kc8 64. c7 Be5 65. Bf5+ Kb7 66. c8=Q+ Ka7 67. Qc7+ 1-0

[Event "Catalan Youth-ch 2020"]
[Site "Salou"]
[Date "2020.09.09"]
[Round "7.8"]
[White "Jove Albaiges, Guillem"]
[Black "Jordana Nagera, Pol"]
[Result "1/2-1/2"]
[ECO "E01"]
[WhiteElo "1491"]
[BlackElo "1229"]
[Annotator "NA RC"]
[PlyCount "92"]
[EventDate "2020.09.07"]
[EventType "swiss"]
[EventCountry "ESP"]
[SourceTitle "playchess.com"]
[Source "ChessBase"]
[SourceQuality "1"]
[TimeControl "5400+30"]

1. d4 Nf6 2. c4 e6 3. g3 d5 4. Nf3 c6 5. Bg2 Bd6 6. Qc2 O-O 7. O-O Nbd7 8. c5 Bc7 9. Bf4 Ne4 10. Nbd2 f5 11. Bxc7 Qxc7 12. Nxe4 fxe4 13. Ng5 Nf6 14. f4 h6 15. Nh3 b6 16. b4 Ng4 17. Qc3 Ba6 18. Rfe1 Bc4 19. Bxe4 Nf6 20. Bg2 b5 21. Nf2 a5 22. a3 a4 23. e4 Rae8 24. e5 Nd7 25. Nd3 g6 26. Nb2 Bb3 27. Qf3 Kg7 28. Qg4 Bc2 29. Re3 Bf5 30. Qe2 g5 31. fxg5 hxg5 32. Qh5 Qd8 33. Rf1 g4 34. Qh4 Qxh4 35. gxh4 Rh8 36. Rg3 Rxh4 37. Rf4 Nf8 38. Nd1 Ng6 39. Rf2 Reh8 40. Ne3 R8h5 41. Bf1 Kh6 42. Be2 Kg5 43. Rfg2 Nf4 44. Bxg4 Nxg2 45. Bxh5+ Kxh5 46. Kxg2 Rxd4 1/2-1/2

[Event "Catalan Youth-ch 2020"]
[Site "Salou"]
[Date "2020.09.10"]
[Round "8.3"]
[White "Rodriguez Gonzalez, Gerard"]
[Black "Romeu Viladot, Emili"]
[Result "1-0"]
[ECO "B26"]
[WhiteElo "1714"]
[BlackElo "1677"]
[Annotator "NA RC"]
[PlyCount "29"]
[EventDate "2020.09.07"]
[EventType "swiss"]
[EventCountry "ESP"]
[SourceTitle "playchess.com"]
[Source "ChessBase"]
[SourceQuality "1"]
[TimeControl "5400+30"]

1. e4 c5 2. Nc3 d6 3. g3 g6 4. Bg2 Bg7 5. d3 Nc6 6. Be3 e6 7. Qd2 Rb8 8. Nge2 Nd4 9. Nc1 b5 10. O-O b4 11. Nd1 Ba6 12. c3 bxc3 13. bxc3 Nc6 14. f4 Nge7 15. f5 1-0

[Event "Catalan Youth-ch 2020"]
[Site "Salou"]
[Date "2020.09.10"]
[Round "8.6"]
[White "Fernandez Climent, Albert"]
[Black "Lambert Pont, James"]
[Result "1-0"]
[ECO "B77"]
[WhiteElo "1673"]
[BlackElo "1574"]
[Annotator "NA RC"]
[PlyCount "35"]
[EventDate "2020.09.07"]
[EventType "swiss"]
[EventCountry "ESP"]
[SourceTitle "playchess.com"]
[Source "ChessBase"]
[SourceQuality "1"]
[TimeControl "5400+30"]

1. e4 c5 2. Nf3 Nc6 3. d4 cxd4 4. Nxd4 g6 5. Nc3 Bg7 6. Be3 d6 7. Qd2 Nf6 8. f3 O-O 9. O-O-O Re8 10. Bc4 Bd7 11. h4 h5 12. g4 hxg4 13. h5 gxh5 14. Bh6 Qa5 15. Ndb5 Ne5 16. Qg5 Ng6 17. Qxg6 Qa3 18. Qxg7# 1-0

[Event "Catalan Youth-ch 2020"]
[Site "Salou"]
[Date "2020.09.10"]
[Round "8.7"]
[White "Jove Albaiges, Guillem"]
[Black "Sanchez Vacova, Alejandro"]
[Result "1-0"]
[ECO "B07"]
[WhiteElo "1491"]
[BlackElo "1149"]
[Annotator "NA RC"]
[PlyCount "62"]
[EventDate "2020.09.07"]
[EventType "swiss"]
[EventCountry "ESP"]
[SourceTitle "playchess.com"]
[Source "ChessBase"]
[SourceQuality "1"]
[TimeControl "5400+30"]

1. d4 Nf6 2. Nc3 g6 3. Bg5 Bg7 4. e4 d6 5. e5 Nfd7 6. exd6 cxd6 7. Qd2 Nc6 8. Nf3 O-O 9. O-O-O a6 10. Bh6 Nf6 11. Bxg7 Kxg7 12. d5 Na7 13. h4 h5 14. Ng5 Bd7 15. Bd3 Nb5 16. Nce4 Nxe4 17. Nxe4 Rc8 18. Kb1 Bf5 19. Rdg1 Qb6 20. Ka1 Qd4 21. Qe2 Rc7 22. f3 Rfc8 23. g4 Bxe4 24. fxe4 hxg4 25. Rxg4 Rh8 26. Rf1 Rh5 27. Qf3 f6 28. e5 Qxe5 29. Rxg6+ Kf8 30. Rfg1 Rh8 31. Qg2 Ke8 1-0

[Event "Catalan Youth-ch 2020"]
[Site "Salou"]
[Date "2020.09.10"]
[Round "8.8"]
[White "Prada Villagrasa, Pau Manel"]
[Black "Marin Ripoll, Marti"]
[Result "1-0"]
[ECO "B23"]
[WhiteElo "1573"]
[BlackElo "1313"]
[Annotator "NA RC"]
[PlyCount "79"]
[EventDate "2020.09.07"]
[EventType "swiss"]
[EventCountry "ESP"]
[SourceTitle "playchess.com"]
[Source "ChessBase"]
[SourceQuality "1"]
[TimeControl "5400+30"]

1. e4 c5 2. Nc3 Nc6 3. f4 g6 4. Nf3 Bg7 5. Bc4 e6 6. d3 Nge7 7. O-O d5 8. Bb3 O-O 9. Qe1 Nd4 10. Nxd4 cxd4 11. Nb1 a5 12. a4 dxe4 13. Qxe4 Bd7 14. Qe2 Bc6 15. Nd2 Rc8 16. Ne4 Nf5 17. Rf3 Nd6 18. Rh3 Nxe4 19. dxe4 Qb6 20. Kh1 Rcd8 21. Qe1 d3 22. Be3 Qc7 23. cxd3 Rxd3 24. Bc2 Rd7 25. Qh4 h5 26. Rg1 Qd8 27. Qg3 Qb8 28. Bc5 Rfd8 29. Bb6 Rf8 30. Bxa5 Bh6 31. Rf1 Bg7 32. Qg5 Kh7 33. f5 Bh6 34. Qf6 Bg7 35. Qh4 Qe5 36. Bc3 Qc5 37. Qg5 Bxc3 38. bxc3 Rg8 39. fxg6+ fxg6 40. Qxc5 1-0